Map: Ulrena

Players

Dicebot - Winner!

  • Race: Protoss Protoss
  • League: Gold

capac

  • Race: Terran Terran
  • League: Gold

VOD

Have the link to the VOD?

Description

Time

  • Played on: April 17, 2016, 10:05 a.m.
  • Length: 13:19
Show
View Real Time Build Order
Export as new Build Order

Dicebot Protoss - Winner!

Build Orders:  

Get SALT Encoding   

  12  0:01  Probe (Chrono Boost)  
  13  0:12  Probe (Chrono Boost)  
  14  0:19  Pylon  
  14  0:22  Probe (Chrono Boost)  
  15  0:41  Gateway  
  15  0:42  Probe (Chrono Boost)  
  16  0:49  Assimilator  
  16  0:53  Probe (Chrono Boost)  
  17  1:03  Probe (Chrono Boost), Assimilator  
  18  1:14  Probe (Chrono Boost)  
  19  1:24  Probe (Chrono Boost)  
  20  1:28  Cybernetics Core  
  20  1:42  Pylon  
  20  1:46  Zealot  
  22  1:53  Probe (Chrono Boost)  
  23  2:00  Pylon  
  23  2:06  Mothership Core (Chrono Boost)  
  25  2:13  Stalker  
  26  2:25  Probe (Chrono Boost)  
  27  2:36  Probe (Chrono Boost)  
  28  2:43  Stalker  
  29  3:11  Probe (Chrono Boost)  
  30  3:13  Warp Gate (Chrono Boost)  
  30  3:14  Stalker  
  32  3:26  Nexus  
  28  3:54  Probe (Chrono Boost)  
  27  4:05  Probe (Chrono Boost)  
  27  4:06  Stalker  
  30  4:15  Pylon  
  30  4:16  Gateway  
  30  4:19  Gateway  
  30  4:21  Pylon  
  30  4:23  Pylon  
  30  4:39  Stalker  
  30  4:44  Pylon  
  30  4:45  Probe  
  32  4:46  Probe, Pylon  
  34  4:58  Robotics Facility  
  34  5:12  Mothership Core (Chrono Boost)  
  34  5:17  Probe (Chrono Boost)  
  35  5:22  Stalker x3  
  35  5:27  Probe (Chrono Boost)  
  42  5:34  Probe (Chrono Boost)  
  43  5:38  Probe (Chrono Boost)  
  44  5:44  Probe (Chrono Boost)  
  44  5:45  Twilight Council  
  44  5:47  Stalker x2  
  44  5:48  Probe (Chrono Boost)  
  44  5:49  Observer  
  51  5:55  Stalker  
  54  5:57  Probe (Chrono Boost)  
  54  5:59  Probe (Chrono Boost)  
  55  6:08  Probe (Chrono Boost)  
  55  6:09  Probe (Chrono Boost)  
  57  6:14  Adept x2  
  61  6:24  Probe (Chrono Boost)  
  62  6:28  Probe (Chrono Boost)  
  63  6:35  Probe (Chrono Boost)  
  63  6:37  Blink (Chrono Boost)  
  63  6:38  Gateway  
  64  6:41  Gateway  
  64  6:43  Probe  
  64  6:46  Probe  
  66  6:51  Assimilator  
  66  6:53  Probe, Assimilator  
  66  6:59  Probe  
  68  7:04  Probe  
  68  7:08  Stalker x3  
  73  7:11  Probe  
  76  7:19  Probe  
  75  7:23  Probe  
  76  7:30  Probe  
  76  7:31  Nexus  
  76  7:35  Probe  
  78  7:42  Pylon x2  
  78  7:43  Pylon  
  78  7:53  Pylon  
  78  7:59  Probe  
  78  8:00  Probe, Warp Prism (Chrono Boost)  
  78  8:02  Stalker x2  
  78  8:03  Stalker  
  88  8:12  Probe  
  89  8:25  Stalker x3  
  89  8:26  Stalker  
  97  8:31  Probe  
  97  8:33  Probe  
  100  8:34  Observer (Chrono Boost)  
  96  9:28  Stalker x5  
  94  9:51  Stalker x2  
  94  9:52  Stalker x3  
  82  10:16  Stalker  
  82  10:17  Stalker x4  
  82  10:47  Stalker  
  82  10:48  Stalker x3  
  82  10:49  Stalker  
  91  10:50  Probe  
  91  10:51  Probe  
  91  10:52  Probe  
  94  11:01  Probe x2  
  94  11:04  Probe, Forge  
  100  11:05  Immortal (Chrono Boost), Forge  
  100  11:10  Pylon  
  101  11:12  Pylon  
  101  11:21  Adept  
  101  11:22  Adept x3  
  109  11:39  Immortal (Chrono Boost)  
  111  11:56  Adept x2  
  111  11:57  Adept x3  
  113  12:12  Immortal (Chrono Boost)  
  111  12:27  Adept  
  111  12:28  Adept x3  
  117  12:32  Stalker  
  119  12:39  Probe  
  119  12:40  Probe x2  
  122  12:44  Observer  
  123  12:52  Probe  
  124  12:59  Nexus  
  124  13:00  Gateway  
  124  13:02  Gateway, Pylon  
  124  13:04  Pylon  
  124  13:07  Pylon  
  124  13:08  Gateway  
  124  13:10  Gateway  
  124  13:12  Gateway  
Show
View Real Time Build Order
Export as new Build Order

capac Terran 

Build Orders:  

Get SALT Encoding   

  12  0:03  SCV  
  13  0:15  SCV  
  13  0:21  Supply Depot  
  14  0:27  SCV  
  15  0:42  SCV  
  16  0:44  Barracks  
  16  0:46  Refinery  
  16  0:54  SCV  
  17  1:06  SCV  
  18  1:18  SCV  
  20  1:32  Reaper  
  20  1:36  Orbital Command  
  20  1:53  Command Center  
  20  2:07  Supply Depot  
  20  2:16  Marine  
  21  2:28  Barracks  
  21  2:29  Refinery, Factory  
  21  2:33  SCV  
  22  2:43  Marine  
  23  2:55  SCV  
  23  2:57  Bunker  
  21  3:00  Marine  
  18  3:12  Bunker  
  18  3:18  Marine  
  19  3:24  Hellion  
  20  3:28  Marine  
  18  3:36  Marine  
  17  3:44  Widow Mine  
  12  4:04  Marine  
  11  4:42  Supply Depot, Marine  
  11  4:43  Marine  
  10  5:13  SCV x2  
  11  5:19  Factory Tech Lab  
  11  5:35  SCV  
  12  5:36  SCV  
  12  5:42  Siege Tank  
  16  5:51  SCV  
  16  5:54  SCV  
  18  6:03  SCV  
  19  6:08  SCV  
  20  6:15  SCV  
  21  6:21  Marine  
  21  6:22  SCV  
  23  6:33  Engineering Bay  
  23  6:36  SCV  
  23  6:38  SCV  
  25  6:53  Siege Tank  
  25  6:54  SCV  
  27  6:59  Marine x2  
  29  7:02  SCV  
  30  7:20  Marine x2  
  32  7:25  SCV x2  
  32  7:29  Bunker  
  34  7:33  Siege Tank  
  37  7:38  Barracks Tech Lab  
  37  7:43  SCV  
  38  7:49  SCV  
  39  7:58  SCV  
  40  8:01  SCV  
  41  8:18  Marine x2, Bunker  
  43  8:20  Stimpack  
  43  8:21  SCV  
  43  8:22  SCV  
  45  8:32  Starport  
  45  8:34  Orbital Command  
  45  8:38  Marine x2  
  47  8:46  Missile Turret  
  47  8:55  SCV  
  48  8:56  Marine x2  
  48  9:02  Siege Tank  
  53  9:07  SCV  
  54  9:22  Missile Turret  
  54  9:24  Starport Reactor  
  54  9:29  Supply Depot  
  54  9:30  Supply Depot  
  54  9:34  Marine  
  54  9:36  Marine  
  33  10:01  Medivac x2  
  33  10:05  Marine  
  33  10:27  SCV  
  34  10:33  Orbital Command  
  34  10:48  Marine x2  
  36  10:55  SCV  
  37  10:59  SCV  
  38  11:07  SCV  
  39  11:37  Marine x2  
  36  11:40  SCV x2  
  36  11:55  Marine  
  26  12:20  SCV x2  
  26  12:21  Marine  
  26  12:22  Marine  
  24  12:32  SCV  
  24  12:33  SCV  
  26  12:45  SCV x2  
  31  12:57  SCV  
  32  12:59  Marine x2  
  32  13:02  SCV  
Tags
 
League
GoldGold
Matchup
PvT
Add a new tag
Caveats
  • Supply blocks, unpowered buildings, or Contaminate may cause inaccurate times.
  • Supply counts are checked every 10 seconds.